 Dungeon Crawl Stone Soup version 0.30-a0-793-g160f7cfddd (webtiles) character file.

Game seed: 8099998116387557544

487 Farfigtubin the Covert (level 7, -4/44 HPs)
             Began as a Kobold Brigand on Feb 20, 2023.
             Slain by an orc warrior
             ... wielding a +0 war axe
              (7 damage)
             ... on level 6 of the Dungeon.
             The game lasted 00:16:28 (1298 turns).

Farfigtubin the Covert (Kobold Brigand)             Turns: 1298, Time: 00:16:28

Health: -4/44      AC:  7    Str:  8    XL:     7   Next: 36%
Magic:  7/7        EV: 14    Int: 12    God:
Gold:   65         SH:  0    Dex: 25    Spells: 2/6 levels left

rFire   . . .      SeeInvis .    a - +2 dagger
rCold   . . .      Faith    .    (no shield)
rNeg    . . .      Spirit   .    b - +0 robe
rPois   .          Reflect  .    (no helmet)
rElec   .          Harm     .    c - +0 cloak
rCorr   .          Rampage  .    (no gloves)
Will    .....                    (no boots)
Stlth   +++++                    (no amulet)
HPRegen 0.27/turn                h - +4 ring of protection
MPRegen 0.10/turn                m - +6 ring of dexterity

@: no status effects
A: small, no large weapons, nightstalker 3
a: no special abilities


You were on level 6 of the Dungeon.
You visited 1 branch of the dungeon, and saw 6 of its levels.

You collected 65 gold pieces.

Inventory:

Hand Weapons
 a - a +2 dagger (weapon)
Missiles
 d - 2 poisoned darts (quivered)
 e - 3 curare-tipped darts
 f - 14 stones
Armour
 b - a +0 robe (worn)
 c - a +0 cloak (worn)
Jewellery
 h - a +4 ring of protection (left hand)
 i - a ring of positive energy
 k - a ring of resist corrosion
 m - a +6 ring of dexterity (right hand)
Scrolls
 g - a scroll of identify {unknown}
 n - a scroll of immolation {unknown}
 o - a scroll of teleportation {unknown}
Potions
 j - a potion of curing {unknown}
 l - 2 potions of heal wounds {unknown}


   Skills:
 + Level 4.4 Fighting
 * Level 6.4 Short Blades
 - Level 2.1 Throwing
 - Level 1.2 Dodging
 + Level 8.2 Stealth
 + Level 0.2 Earth Magic


You had 2 spell levels left.
You knew the following spells:

 Your Spells              Type           Power      Damage    Failure   Level
a - Petrify               Tmut/Erth      0%         N/A       97%         4

Your spell library contained the following spells:

 Spells                   Type           Power      Damage    Failure   Level
 Frozen Ramparts          Ice            0%         1d1       69%         3
 Ice Form                 Ice/Tmut       0%         N/A       97%         4
 Summon Ice Beast         Ice/Summ       0%         N/A       97%         4
 Metabolic Englaciation   Hex/Ice        0%         N/A       100%        5
 Statue Form              Tmut/Erth      0%         N/A       100%        6


Dungeon Overview and Level Annotations

Branches:
Dungeon (6/15)
 Temple: D:4-7

Altars:


Innate Abilities, Weirdness & Mutations

You are small and have problems with some larger weapons.
You are completely attuned to the shadows.


Message History

The orc warrior hits you with a +0 war axe!
You hit the orc warrior but do no damage.
The orc warrior is severely wounded.
You closely miss the orc warrior.
The orc warrior is severely wounded.
The orc warrior hits you with a +0 war axe!
You hit the orc warrior but do no damage.
The orc warrior is severely wounded.
The orc warrior hits you with a +0 war axe.
You hit the orc warrior.
The orc warrior is almost dead.
The orc warrior closely misses you.
You barely miss the orc warrior.
The orc warrior is almost dead.
You hit the orc warrior but do no damage.
Your punch misses the orc warrior.
The orc warrior is almost dead.
The orc warrior barely misses you.
You barely miss the orc warrior.
The orc warrior is almost dead.
The orc warrior misses you.
You barely miss the orc warrior.
The orc warrior is almost dead.
You hit the orc warrior but do no damage.
The orc warrior is almost dead.
The orc warrior hits you with a +0 war axe.
* * * LOW HITPOINT WARNING * * *
You hit the orc warrior but do no damage.
The orc warrior is almost dead.
The orc warrior barely misses you.
You closely miss the orc warrior.
The orc warrior is almost dead.
You barely miss the orc warrior.
The orc warrior is almost dead.
The orc warrior hits you with a +0 war axe!
* * * LOW HITPOINT WARNING * * *
You hit the orc warrior but do no damage.
The orc warrior is almost dead.
The orc warrior hits you with a +0 war axe!
You die...

♣♣(.♣ #.##.# .
♣..♣♣ #.##.# .
♣.♣(♣♣♣ #.##.#
. ♣♣♣...♣♣♣♣
#.##.#
♣♣.♣.♣.♣♣
#.##.#
♣♣♣♣(..♣♣#.##.#
♣♣♣..♣#....#
♣♣.♣#....#
♣.o@....#
♣♣♣#....#
#....# #.....
#..... #.....


You could see an orc warrior (poisoned).

Vanquished Creatures
  An acid dragon (D:6)
  2 ogres
  A necrophage (D:5)
  An orc priest (D:5)
  2 iguanas
  5 adders
  A dart slug (D:2)
  3 orcs
  A giant cockroach (D:4)
  2 hobgoblins (D:4)
  A quokka (D:2)
  4 ball pythons
24 creatures vanquished.

Vanquished Creatures (others)
  5 fungi (D:3)
  5 plants (D:2)
10 creatures vanquished.

Grand Total: 34 creatures vanquished

Notes
Turn   | Place    | Note
-------+----------+-------------------------------------------
     0 | D:1      | Farfigtubin the Kobold Brigand began the quest for the Orb.
     0 | D:1      | Reached XP level 1. HP: 12/12 MP: 1/1
    62 | D:2      | Reached XP level 2. HP: 18/18 MP: 2/2
   298 | D:3      | Reached skill level 6 in Stealth
   298 | D:3      | Reached XP level 3. HP: 22/22 MP: 3/3
   470 | D:4      | Noticed an ogre
   474 | D:4      | Killed an ogre
   475 | D:4      | Reached skill level 7 in Stealth
   475 | D:4      | Reached XP level 4. HP: 28/28 MP: 4/4
   475 | D:4      | Reached XP level 5. HP: 32/32 MP: 5/5
   593 | D:4      | Learned a level 4 spell: Petrify
   708 | D:5      | Entered Level 5 of the Dungeon
   867 | D:5      | Reached XP level 6. HP: 22/36 MP: 6/6
   950 | D:5      | Noticed a water moccasin
   980 | D:5      | Reached skill level 5 in Short Blades
  1114 | D:6      | Noticed an acid dragon
  1124 | D:6      | Noticed an ogre
  1128 | D:6      | Killed an ogre
  1160 | D:6      | Killed an acid dragon
  1161 | D:6      | Reached skill level 8 in Stealth
  1161 | D:6      | Reached XP level 7. HP: 44/44 MP: 7/7
  1298 | D:6      | Slain by an orc warrior

Illustrated notes

Levels and vault maps discovered:
D:1:      erik_arrival_orb_chamber, layout_basic, glass_columns_a
D:2:      layout_loops_ring, serial_bayou_ford_a
D:3:      layout_basic, fedhas_altar_3, basic_ecumenical_altar, uniq_ijyb
D:4:      layout_basic
D:5:      layout_cave_pods, trog_wizard
D:6:      kb_forest_paths, layout_basic, lightli_ossuary_entry_decrepit_ruins,
          chequers_serial_rivers_small_3, minmay_strange_pillars

Skill      XL: |  1  2  3  4  5  6 |
---------------+-------------------+-----
Short Blades   | 3 4 6 |  6.4
Stealth        | 6 7 8 |  8.2
Fighting       | 3 4 |  4.4
Throwing       | |  2.1
Dodging        | |  1.2
Earth Magic    | |  0.2

Action                     |  1- 3 |  4- 6 |  7- 9 || total
---------------------------+-------+-------+-------++-------
  Melee: Dagger            |    26 |    55 |    15 ||    96
         Punch             |       |     2 |       ||     2
  Throw: Dart              |       |     2 |     6 ||     8
   Stab: Sleeping          |     7 |     5 |     1 ||    13
 Armour: Robe              |     8 |    21 |       ||    29
  Dodge: Dodged            |     8 |    35 |    11 ||    54

Table legend: (Time is in decaauts)
 A = Elapsed time spent in this place.
 B = Non-inter-level travel time spent in this place.
 C = Inter-level travel time spent in this place.
 D = Time resting spent in this place.
 E = Time spent auto-exploring this place.
 F = Levels seen in this place.
 G = Mean time per level.
                   A        B        C        D        E       F      G
               +--------+--------+--------+--------+--------+-----+--------+
         Total |   1274 |   1274 |      0 |    106 |      0 |   6 |  212.3 |
       Dungeon |   1274 |   1274 |      0 |    106 |      0 |   6 |  212.3 |
               +--------+--------+--------+--------+--------+-----+--------+

Top non-repeatable levels by time:
     D:5: 359 daAuts
     D:4: 344 daAuts
     D:6: 214 daAuts
     D:2: 179 daAuts
     D:3: 149 daAuts
     D:1: 27 daAuts
